[Event "11th LCC Rapid 2019"]
[Site "London"]
[Date "2019.12.07"]
[Round "1.1"]
[White "Gordon, Stephen J"]
[Black "Jezierski, Colum"]
[Result "1-0"]
[WhiteElo "2495"]
[BlackElo "1908"]
[PlyCount "81"]
[EventDate "2019.12.08"]
[EventType "swiss"]
[EventCountry "ENG"]
[TimeControl "15+10"]
[WhiteClock "0:02:33"]
[BlackClock "0:05:01"]

1. c4 Nf6 2. Nc3 g6 3. e4 d6 4. d4 Bg7 5. h3 c5 6. dxc5 Qa5 7. Bd2 Qxc5 8. Nf3 O-O 9. Be2 Nc6 10. O-O Nd4 11. Nxd4 Qxd4 12. Qc2 Be6 13. Be3 Qe5 14. Rac1 Qa5 15. b3 Rfe8 16. Qd2 Rac8 17. Bd3 Nd7 18. f4 Nc5 19. Bb1 f6 20. Qf2 Bf7 21. Rfd1 b6 22. Nd5 Nd7 23. Bd4 b5 24. cxb5 Rxc1 25. Rxc1 Bxd5 26. exd5 Qxb5 27. f5 Qxd5 28. fxg6 e5 29. Bxa7 e4 30. gxh7+ Kxh7 31. Rc7 Qe6 32. Qh4+ Kg8 33. Qxe4 Qxe4 34. Bxe4 Ne5 35. a4 Kh8 36. Bf5 Kg8 37. Rc8 Rxc8 38. Bxc8 Nd3 39. a5 Kf7 40. a6 Ke7 41. Bb6 1-0

[Event "11th LCC Rapid 2019"]
[Site "London"]
[Date "2019.12.07"]
[Round "1.2"]
[White "Tombolis, Christopher"]
[Black "Hebden, Mark L"]
[Result "0-1"]
[WhiteElo "1875"]
[BlackElo "2433"]
[PlyCount "96"]
[EventDate "2019.12.08"]
[EventType "swiss"]
[EventCountry "ENG"]
[TimeControl "15+10"]
[WhiteClock "0:04:09"]
[BlackClock "0:00:27"]

1. d4 Nf6 2. c4 g6 3. Nc3 Bg7 4. e4 d6 5. Nf3 O-O 6. Be2 e5 7. O-O Nc6 8. d5 Ne7 9. Ne1 Nd7 10. Be3 f5 11. f3 f4 12. Bf2 g5 13. a4 Ng6 14. a5 Nf6 15. c5 Rf7 16. cxd6 cxd6 17. a6 b6 18. Na2 g4 19. fxg4 Nxe4 20. Bd3 Nc5 21. Bxg6 hxg6 22. Nb4 Qg5 23. h3 e4 24. Bd4 Bd7 25. Bxg7 Kxg7 26. Qd4+ Qe5 27. Nec2 Nb3 28. Qxe5+ dxe5 29. Rad1 Rc8 30. Na3 e3 31. Rfe1 Rc5 32. d6 Be6 33. Nd3 Ra5 34. Nb4 Rc5 35. Nd3 Rd5 36. Nc4 e4 37. Nde5 Rf8 38. Rxd5 Bxd5 39. Rd1 e2 40. Re1 Nd4 41. d7 Rd8 42. g3 f3 43. Ne3 Kf6 44. Nxg6 Kxg6 45. Nxd5 Nc2 46. Nf4+ Kf7 47. Kf2 Nxe1 48. Kxe1 Rxd7 0-1

[Event "11th LCC Rapid 2019"]
[Site "London"]
[Date "2019.12.07"]
[Round "1.3"]
[White "Clarke, Brandon Gi"]
[Black "Deaconu, Mihai-Ionut"]
[Result "1-0"]
[WhiteElo "2380"]
[BlackElo "1957"]
[PlyCount "151"]
[EventDate "2019.12.08"]
[EventType "swiss"]
[EventCountry "ENG"]
[TimeControl "15+10"]

1. e4 e5 2. Nf3 Nc6 3. Bb5 a6 4. Ba4 Nf6 5. O-O Be7 6. Re1 b5 7. Bb3 d6 8. c3 O-O 9. h3 Nb8 10. d4 Nbd7 11. Nbd2 Bb7 12. Bc2 Re8 13. Nf1 Bf8 14. Ng3 g6 15. a4 Bg7 16. Bd3 c6 17. Be3 Qc7 18. Qd2 Nb6 19. b3 Rad8 20. Bh6 Bh8 21. Qg5 Bc8 22. Qh4 Nbd7 23. Bg5 Re6 24. axb5 axb5 25. d5 Ree8 26. Nh2 cxd5 27. Bxb5 dxe4 28. Bxd7 Nxd7 29. Bxd8 Qxd8 30. Qxd8 Rxd8 31. Nxe4 Nb6 32. Red1 d5 33. Ra7 Rf8 34. Nd6 Be6 35. Nf3 h6 36. Rb7 Nd7 37. b4 Ra8 38. Nb5 Rd8 39. Nc7 Nf8 40. Nxe6 Nxe6 41. g3 d4 42. cxd4 exd4 43. Ne1 Bf6 44. Nd3 Ng5 45. Kg2 Ne4 46. Re1 Nd6 47. Rb6 Kg7 48. Rc1 Ne4 49. Rc7 Ra8 50. Rbb7 Nd6 51. Ra7 Rxa7 52. Rxa7 Nb5 53. Rb7 Nd6 54. Rd7 Nb5 55. Kf3 Kf8 56. Rd5 Nc3 57. Ra5 Ke7 58. h4 h5 59. Nf4 Kd6 60. Ra6+ Ke7 61. Ra7+ Ke8 62. Ra5 Kd7 63. Nd5 Nxd5 64. Rxd5+ Kc6 65. Ke4 Bg7 66. b5+ Kc7 67. Kd3 Kb6 68. Kc4 Kc7 69. f3 Bf6 70. Rxd4 Bxd4 71. Kxd4 f6 72. Kd5 g5 73. Ke6 gxh4 74. gxh4 Kb6 75. Kxf6 Kxb5 76. Ke6 1-0

[Event "11th LCC Rapid 2019"]
[Site "London"]
[Date "2019.12.07"]
[Round "1.4"]
[White "Titorenko, Kostyantyn"]
[Black "Harvey, Marcus R"]
[Result "0-1"]
[WhiteElo "1772"]
[BlackElo "2412"]
[PlyCount "124"]
[EventDate "2019.12.08"]
[EventType "swiss"]
[EventCountry "ENG"]
[TimeControl "15+10"]
[WhiteClock "0:02:52"]
[BlackClock "0:01:45"]

1. e4 e6 2. Nc3 d5 3. g3 dxe4 4. Nxe4 Bd7 5. Nc3 Bc6 6. Nf3 Nf6 7. Bg2 Be7 8. O-O O-O 9. d3 Nbd7 10. a3 e5 11. Re1 Bd6 12. Ng5 Bxg2 13. Kxg2 c6 14. Nge4 Bc7 15. Qf3 Nxe4 16. dxe4 Qe7 17. Be3 Rfd8 18. Rad1 Nb6 19. Ne2 Nc4 20. Bc1 Ba5 21. Rf1 Bb6 22. Ng1 Bd4 23. Qb3 b5 24. Nf3 Bb6 25. Bg5 f6 26. Bc1 Kh8 27. Nd2 Nd6 28. f3 Rd7 29. c4 Rad8 30. Qc2 Nxc4 31. Nxc4 bxc4 32. Rxd7 Qxd7 33. Qxc4 Qd3 34. Qxd3 Rxd3 35. f4 exf4 36. gxf4 Kg8 37. Re1 Kf7 38. Re2 Bd4 39. b4 f5 40. exf5 Kf6 41. Rd2 Rxd2+ 42. Bxd2 Kxf5 43. Kf3 a6 44. Bc1 Bc3 45. h3 h6 46. Ke3 Kg6 47. Kd3 Be1 48. Bb2 Bh4 49. Ke4 Be7 50. f5+ Kf7 51. Be5 g5 52. Bd4 h5 53. Be5 Bf6 54. Bd6 Bb2 55. a4 Ba3 56. Bc5 a5 57. Be3 axb4 58. Bxg5 b3 59. Kd3 c5 60. Kc3 c4 61. a5 Bb4+ 62. Kxb4 b2 0-1

[Event "11th LCC Rapid 2019"]
[Site "London"]
[Date "2019.12.07"]
[Round "1.5"]
[White "Haydon, David L"]
[Black "Conway, Paul Bernard"]
[Result "1-0"]
[WhiteElo "2294"]
[BlackElo "1837"]
[PlyCount "51"]
[EventDate "2019.12.08"]
[EventType "swiss"]
[EventCountry "ENG"]
[TimeControl "15+10"]
[WhiteClock "0:03:06"]
[BlackClock "0:10:47"]

1. Nf3 Nf6 2. g3 g6 3. Bg2 Bg7 4. O-O O-O 5. c4 c5 6. Nc3 Nc6 7. d4 cxd4 8. Nxd4 Nxd4 9. Qxd4 d6 10. b3 Qa5 11. Bb2 Nd7 12. Qd2 Rb8 13. Rfd1 Kh8 14. Qe3 a6 15. Rd5 Qd8 16. h4 b6 17. Rd2 Bb7 18. Bxb7 Rxb7 19. Nd5 e6 20. Bxg7+ Kxg7 21. Nc3 Nf6 22. Rad1 Rd7 23. Ne4 Nxe4 24. Qxe4 Qc7 25. Rxd6 Rfd8 26. Qd4+ 1-0

[Event "11th LCC Rapid 2019"]
[Site "London"]
[Date "2019.12.07"]
[Round "1.6"]
[White "Watson, Jacob"]
[Black "Cordes, Hans-Joerg"]
[Result "0-1"]
[WhiteElo "1922"]
[BlackElo "2207"]
[PlyCount "108"]
[EventDate "2019.12.08"]
[EventType "swiss"]
[EventCountry "ENG"]
[TimeControl "15+10"]
[WhiteClock "0:04:36"]
[BlackClock "0:00:38"]

1. d4 Nf6 2. Nf3 e6 3. e3 c5 4. Bd3 b6 5. Nbd2 Ba6 6. O-O Bxd3 7. cxd3 Nc6 8. Nb3 a5 9. dxc5 bxc5 10. d4 c4 11. Nc5 Bxc5 12. dxc5 Qe7 13. Qd6 Ne4 14. Qxe7+ Kxe7 15. Nd2 Nxc5 16. Nxc4 d5 17. Na3 a4 18. Bd2 Ne4 19. Bc3 Nxc3 20. bxc3 Na5 21. Rab1 Rab8 22. Rb4 Nc6 23. Rbb1 Ne5 24. h3 Rhc8 25. Rb4 Nc6 26. Rxa4 Ra8 27. Rxa8 Rxa8 28. Nb5 Rxa2 29. Nd4 Ne5 30. Rb1 Nd3 31. Rb7+ Kf6 32. f4 Nc5 33. Rc7 Nd3 34. Nf3 h6 35. g4 g5 36. fxg5+ hxg5 37. c4 Rc2 38. h4 gxh4 39. g5+ Kg6 40. Rc8 Rxc4 41. Rg8+ Kh7 42. Rf8 Kg7 43. Ra8 Rg4+ 44. Kh2 Nf2 45. Ra7 h3 46. Ne1 Rxg5 47. Ra2 Ng4+ 48. Kxh3 Nxe3 49. Re2 Nf5 50. Kh2 Kf6 51. Nf3 Rh5+ 52. Kg1 Nd6 53. Nd2 e5 54. Nb3 Ne4 0-1

[Event "11th LCC Rapid 2019"]
[Site "London"]
[Date "2019.12.07"]
[Round "1.7"]
[White "Fernandez, Michael"]
[Black "Clarke, Connor"]
[Result "1-0"]
[WhiteElo "2186"]
[BlackElo "1704"]
[PlyCount "95"]
[EventDate "2019.12.08"]
[EventType "swiss"]
[EventCountry "ENG"]
[TimeControl "15+10"]
[WhiteClock "0:01:41"]
[BlackClock "0:02:03"]

1. c4 e5 2. g3 Nf6 3. Bg2 d6 4. Nc3 Be7 5. e4 O-O 6. Nge2 Be6 7. b3 Nc6 8. O-O Qd7 9. d4 exd4 10. Nxd4 Nxd4 11. Qxd4 Bh3 12. Bb2 Bxg2 13. Kxg2 Qg4 14. h3 Qg6 15. f4 Nd7 16. f5 Bf6 17. Qd1 Qh6 18. h4 Bxc3 19. Bxc3 Nc5 20. Qf3 Rae8 21. f6 gxf6 22. Rae1 Re6 23. Bxf6 Nd3 24. Qxd3 Rxf6 25. Qd4 Rg6 26. e5 dxe5 27. Rxe5 Qg7 28. Qe3 Rd8 29. Re7 Rgd6 30. Qf3 Rd2+ 31. Kh3 R2d3 32. Qxf7+ Qxf7 33. Rfxf7 h5 34. Rg7+ Kf8 35. Ref7+ Ke8 36. Rxc7 Kf8 37. Rcf7+ Ke8 38. Rxb7 Kf8 39. Rbf7+ Ke8 40. Rxa7 Kf8 41. Rh7 Kg8 42. Rxh5 Rd2 43. Rg5+ Kf8 44. Kg4 R2d4+ 45. Kh5 R4d6 46. Rg6 Rd3 47. Kh6 Re3 48. Kh7 1-0

[Event "11th LCC Rapid 2019"]
[Site "London"]
[Date "2019.12.07"]
[Round "1.9"]
[White "Mihalik, Agoston"]
[Black "Jain, Gautam"]
[Result "1-0"]
[WhiteElo "2196"]
[BlackElo "1900"]
[PlyCount "69"]
[EventDate "2019.12.08"]
[EventType "swiss"]
[EventCountry "ENG"]
[TimeControl "15+10"]

1. e4 d6 2. d4 Nf6 3. Nc3 Nbd7 4. Nf3 e5 5. Bc4 Be7 6. O-O c6 7. a4 Qc7 8. h3 h6 9. Re1 Nf8 10. Nh4 Nxe4 11. Rxe4 d5 12. Bxd5 cxd5 13. Rxe5 Be6 14. Nf5 Bf6 15. Nxd5 Qd7 16. Nxf6+ gxf6 17. Ng7+ Kd8 18. Nxe6+ fxe6 19. Re1 Ng6 20. Qf3 Ke7 21. c3 Rhg8 22. Qh5 Rg7 23. g3 Rag8 24. Kh2 Kd8 25. a5 Ne7 26. Qf3 Rg6 27. Bf4 Nd5 28. c4 Nxf4 29. Qxf4 Qc6 30. d5 exd5 31. Rad1 Kc8 32. cxd5 Qd7 33. Rc1+ Kd8 34. Qb8+ Qc8 35. Qxc8# 1-0

[Event "11th LCC Rapid 2019"]
[Site "London"]
[Date "2019.12.07"]
[Round "1.10"]
[White "Watson, Mikey J"]
[Black "Richardson, John R"]
[Result "0-1"]
[WhiteElo "1973"]
[BlackElo "2241"]
[PlyCount "76"]
[EventDate "2019.12.08"]
[EventType "swiss"]
[EventCountry "ENG"]
[TimeControl "15+10"]
[WhiteClock "0:05:54"]
[BlackClock "0:00:43"]

1. Nf3 Nf6 2. c4 e6 3. g3 d5 4. d4 Bb4+ 5. Bd2 Be7 6. Bg2 O-O 7. O-O c6 8. Qc2 a5 9. Ne5 Nbd7 10. Nxd7 Bxd7 11. c5 b6 12. Bf4 bxc5 13. dxc5 Nh5 14. Bd2 e5 15. e4 d4 16. Na3 Qc7 17. Rac1 Be6 18. b3 Rfd8 19. Qd3 a4 20. Nc4 axb3 21. axb3 Bxc5 22. f4 f6 23. Bf3 Bf7 24. fxe5 fxe5 25. Bxh5 Bxh5 26. Rf5 Be2 27. Qb1 d3+ 28. Kh1 Rf8 29. Ne3 Qb6 30. Ng2 Rxf5 31. exf5 e4 32. b4 e3 33. Rxc5 exd2 34. Ne3 Qa7 35. Kg2 Qe7 36. Kf2 Re8 37. Qa2+ Kh8 38. Qxd2 Qe4 0-1

[Event "11th LCC Rapid 2019"]
[Site "London"]
[Date "2019.12.07"]
[Round "1.11"]
[White "Abrahams, Daniel"]
[Black "Leslie, Alex"]
[Result "1-0"]
[WhiteElo "2176"]
[BlackElo "1875"]
[PlyCount "87"]
[EventDate "2019.12.08"]
[EventType "swiss"]
[EventCountry "ENG"]
[TimeControl "15+10"]
[WhiteClock "0:01:52"]
[BlackClock "0:13:57"]

1. c4 e5 2. Nc3 Nf6 3. Nf3 Nc6 4. g3 Bb4 5. Bg2 O-O 6. O-O d6 7. Nd5 Nxd5 8. cxd5 Ne7 9. d4 exd4 10. Nxd4 Ng6 11. a3 Bc5 12. b4 Bb6 13. Bb2 Re8 14. Re1 Ne5 15. Qc2 Bd7 16. h3 Rc8 17. Kh2 c6 18. dxc6 Nxc6 19. Nxc6 Bxc6 20. Qf5 Bxg2 21. Kxg2 Qe7 22. Rad1 Rc6 23. e3 Qe4+ 24. Qxe4 Rxe4 25. Kf3 Rec4 26. Re2 f6 27. Red2 Rc2 28. Bd4 Rxd2 29. Rxd2 Bxd4 30. Rxd4 a6 31. Ke4 Kf7 32. Kd5 a5 33. bxa5 Rc5+ 34. Kxd6 Rxa5 35. Rb4 Rxa3 36. Rxb7+ Kg6 37. Ke7 Ra2 38. f4 Ra3 39. Kf8 Ra8+ 40. Ke7 Ra3 41. g4 Rxe3+ 42. Kf8 Rxh3 43. Rxg7+ Kh6 44. g5+ 1-0

[Event "11th LCC Rapid 2019"]
[Site "London"]
[Date "2019.12.07"]
[Round "1.12"]
[White "Ignatovic, Ernest"]
[Black "Willow, Jonah B"]
[Result "0-1"]
[WhiteElo "1703"]
[BlackElo "2355"]
[PlyCount "84"]
[EventDate "2019.12.08"]
[EventType "swiss"]
[EventCountry "ENG"]
[TimeControl "15+10"]
[WhiteClock "0:02:54"]
[BlackClock "0:00:27"]

1. b3 Nf6 2. Bb2 g6 3. g3 Bg7 4. Bg2 O-O 5. Nf3 c5 6. c4 Nc6 7. O-O d6 8. d4 cxd4 9. Nxd4 Bd7 10. Re1 a6 11. e4 Rc8 12. Nc3 Qa5 13. Nxc6 Bxc6 14. Nd5 Nxd5 15. Bxg7 Nc3 16. Bxc3 Qxc3 17. Rc1 Qa5 18. Rc2 b5 19. e5 Bxg2 20. Kxg2 bxc4 21. exd6 exd6 22. bxc4 Qa4 23. Rd2 Qxc4 24. Rxd6 Qxa2 25. Qd4 Rc2 26. h4 Re2 27. Rd1 h5 28. Qf6 Qc2 29. Rd8 Ree8 30. Rxe8 Rxe8 31. Rd7 Qc4 32. Rd8 Rxd8 33. Qxd8+ Kg7 34. Qg5 Qb5 35. Qd2 Qe5 36. f4 Qc5 37. Kf3 a5 38. Qb2+ Kh7 39. g4 Qd5+ 40. Ke3 hxg4 41. Qf6 Qe6+ 42. Qe5 a4 0-1

[Event "11th LCC Rapid 2019"]
[Site "London"]
[Date "2019.12.07"]
[Round "1.13"]
[White "Salem, Ihab"]
[Black "Rosario, Paulo Rbd"]
[Result "1-0"]
[WhiteElo "2071"]
[BlackElo "1767"]
[PlyCount "63"]
[EventDate "2019.12.08"]
[EventType "swiss"]
[EventCountry "ENG"]
[TimeControl "15+10"]

1. e4 d6 2. d4 Nf6 3. Nc3 e5 4. Nf3 exd4 5. Nxd4 Be7 6. Bd3 c6 7. O-O Bg4 8. f3 Bh5 9. Nf5 O-O 10. Bf4 Re8 11. Qe1 Bf8 12. Rd1 Bg6 13. Ne3 Nh5 14. Bg3 Nxg3 15. Qxg3 Qb6 16. Qf4 d5 17. Na4 Qa5 18. exd5 cxd5 19. Bxg6 hxg6 20. Rxd5 Qa6 21. Ng4 Nc6 22. Rd7 Re7 23. Rfd1 Rae8 24. Rxe7 Rxe7 25. Nc3 Qb6+ 26. Kh1 Qxb2 27. Nd5 Re2 28. Nge3 Qxa2 29. h4 a5 30. Qc7 Qb2 31. Qc8 Qc3 32. Nxc3 1-0

[Event "11th LCC Rapid 2019"]
[Site "London"]
[Date "2019.12.07"]
[Round "1.14"]
[White "Thatte, Nishchal"]
[Black "Lucchi, Lorenzo"]
[Result "0-1"]
[WhiteElo "1723"]
[BlackElo "2089"]
[PlyCount "64"]
[EventDate "2019.12.08"]
[EventType "swiss"]
[EventCountry "ENG"]
[TimeControl "15+10"]

1. e4 c5 2. c3 e5 3. Nf3 Nc6 4. Bb5 Qc7 5. O-O Nf6 6. d3 Be7 7. Nbd2 O-O 8. Re1 a6 9. Ba4 b5 10. Bb3 Bb7 11. Nf1 Na5 12. Bc2 d5 13. exd5 Bxd5 14. Nxe5 Rfe8 15. Bg5 Rad8 16. Bh4 Nc6 17. Bg3 Qb7 18. Ne3 Be6 19. Qf3 Nd5 20. Bb3 Nxe5 21. Bxe5 Qd7 22. Nxd5 Bxd5 23. Bxd5 Qxd5 24. Qxd5 Rxd5 25. Rad1 Bf8 26. d4 f6 27. Bf4 Rxe1+ 28. Rxe1 cxd4 29. Rd1 g5 30. Bb8 dxc3 31. Rc1 cxb2 32. Rb1 Rc5 0-1

[Event "11th LCC Rapid 2019"]
[Site "London"]
[Date "2019.12.07"]
[Round "1.15"]
[White "Brozel, Sacha"]
[Black "Rushbrooke, Tibo"]
[Result "1-0"]
[WhiteElo "2188"]
[BlackElo "1730"]
[PlyCount "81"]
[EventDate "2019.12.08"]
[EventType "swiss"]
[EventCountry "ENG"]
[TimeControl "15+10"]
[WhiteClock "0:00:12"]
[BlackClock "0:00:34"]

1. c4 f5 2. g3 Nf6 3. Nc3 d6 4. Bg2 e5 5. d3 Be7 6. e4 Nc6 7. Nge2 O-O 8. O-O fxe4 9. dxe4 Bg4 10. f3 Be6 11. Nd5 Qd7 12. Be3 Kh8 13. Qd2 Nd8 14. Rad1 Nf7 15. Nec3 c6 16. Nxe7 Qxe7 17. b3 a6 18. g4 b5 19. g5 Nh5 20. c5 dxc5 21. Qf2 Nxg5 22. Bxc5 Qf6 23. Bxf8 Rxf8 24. Rd6 Nf4 25. Kh1 Qe7 26. Rfd1 Ngh3 27. Qg3 Nxg2 28. Qxg2 Nf4 29. Qg3 Bh3 30. R6d2 Qb4 31. Ne2 Bg2+ 32. Kg1 Nxe2+ 33. Rxe2 Bxf3 34. Rd7 Qc5+ 35. Rf2 Qc1+ 36. Rf1 Qc5+ 37. Qf2 Qb4 38. Qxf3 Qc5+ 39. Kh1 Rg8 40. Qf7 Qb4 41. Qxg8+ 1-0

[Event "11th LCC Rapid 2019"]
[Site "London"]
[Date "2019.12.07"]
[Round "1.17"]
[White "Johnson, Daniel"]
[Black "Kuzhelev, Timur"]
[Result "1/2-1/2"]
[WhiteElo "2144"]
[BlackElo "1745"]
[PlyCount "78"]
[EventDate "2019.12.08"]
[EventType "swiss"]
[EventCountry "ENG"]
[TimeControl "15+10"]
[WhiteClock "0:12:47"]
[BlackClock "0:01:31"]

1. d4 Nf6 2. c4 g6 3. Nc3 Bg7 4. e4 d6 5. f3 O-O 6. Nge2 c5 7. d5 a6 8. a4 a5 9. Bg5 Na6 10. Qd2 Nb4 11. Nc1 h6 12. Be3 Kh7 13. Be2 Bd7 14. O-O b6 15. h3 Qc7 16. f4 Rae8 17. Nd3 e5 18. fxe5 dxe5 19. Rf2 Qd6 20. Raf1 Re7 21. Bf3 Ne8 22. Nxb4 axb4 23. Nb5 Bxb5 24. cxb5 f5 25. Re2 f4 26. Bf2 Nf6 27. Rc1 Ra7 28. b3 g5 29. Ree1 h5 30. Qe2 Kg6 31. Rf1 Qd7 32. g4 h4 33. Ra1 Rfa8 34. Rfc1 Bf8 35. Ra2 Bd6 36. Qc2 Ne8 37. Rca1 Ra5 38. Be2 Qc7 39. Kg2 Nf6 1/2-1/2

[Event "11th LCC Rapid 2019"]
[Site "London"]
[Date "2019.12.07"]
[Round "1.18"]
[White "Nayak, Raghav"]
[Black "Walker, Samuel A"]
[Result "0-1"]
[WhiteElo "1914"]
[BlackElo "2039"]
[PlyCount "110"]
[EventDate "2019.12.08"]
[EventType "swiss"]
[EventCountry "ENG"]
[TimeControl "15+10"]
[WhiteClock "0:09:15"]
[BlackClock "0:01:18"]

1. e4 c5 2. Nc3 g6 3. f4 Bg7 4. Nf3 Nc6 5. Bc4 e6 6. O-O Nge7 7. Qe1 a6 8. a4 O-O 9. d3 d5 10. Ba2 Nd4 11. Bb1 Rb8 12. Ne2 Nxf3+ 13. Rxf3 f5 14. e5 d4 15. Bd2 b6 16. Ba2 Qd7 17. Qh4 Bb7 18. Rf2 Kf7 19. Qh3 Bd5 20. Bxd5 Nxd5 21. Kh1 h5 22. Ng1 Bh6 23. Qg3 Kg7 24. Nh3 Kh7 25. Ng5+ Bxg5 26. Qxg5 Qe7 27. Qg3 Rbc8 28. Rd1 Qd7 29. b3 b5 30. axb5 axb5 31. Ra1 Ra8 32. Rff1 b4 33. Rfd1 Ra3 34. Rxa3 bxa3 35. Ra1 Ra8 36. Ra2 Nb4 37. Bxb4 cxb4 38. Kg1 Ra7 39. Kf1 Qd8 40. h4 Rc7 41. Ke1 Qd5 42. Kd1 Rg7 43. Qf3 Qxf3+ 44. gxf3 g5 45. hxg5 Kg6 46. Ke2 h4 47. Kf2 Rh7 48. Kg2 h3+ 49. Kh2 Rh4 50. Ra1 Rxf4 51. Kxh3 Rxf3+ 52. Kg2 Re3 53. Kf2 Rxe5 54. Kf3 Re3+ 55. Kf4 e5# 0-1

[Event "11th LCC Rapid 2019"]
[Site "London"]
[Date "2019.12.07"]
[Round "1.19"]
[White "Willmoth, Robert F"]
[Black "Onslow, Teddy"]
[Result "1/2-1/2"]
[WhiteElo "2111"]
[BlackElo "1746"]
[PlyCount "89"]
[EventDate "2019.12.08"]
[EventType "swiss"]
[EventCountry "ENG"]
[TimeControl "15+10"]
[WhiteClock "0:00:36"]
[BlackClock "0:02:21"]

1. d4 d5 2. c4 e6 3. g3 Nf6 4. Bg2 c6 5. Nd2 Nbd7 6. Ngf3 Bd6 7. Qc2 O-O 8. O-O e5 9. cxd5 Nxd5 10. Nc4 Qe7 11. Nxd6 Qxd6 12. dxe5 Nxe5 13. Ng5 Qg6 14. e4 h6 15. Nf3 Nxf3+ 16. Bxf3 Bh3 17. Re1 Rfe8 18. Bd2 Rad8 19. a4 Nf6 20. Bc3 Ng4 21. Rad1 Qg5 22. b4 Ne5 23. Bh1 Bg4 24. f4 Bxd1 25. Rxd1 Rxd1+ 26. Qxd1 Qg4 27. Qd4 c5 28. bxc5 Nc6 29. Qe3 Qd1+ 30. Qe1 Qxa4 31. e5 Qc4 32. Be4 Qxc5+ 33. Kg2 a5 34. Ba1 a4 35. Qe2 Rd8 36. f5 Qc1 37. Qg4 Qg5 38. Qf3 Rd2+ 39. Kh3 a3 40. e6 Nd4 41. exf7+ Kxf7 42. Bd5+ Kf8 43. Qxa3+ Qe7 44. Qa8+ Qe8 45. Qa3+ 1/2-1/2

[Event "11th LCC Rapid 2019"]
[Site "London"]
[Date "2019.12.07"]
[Round "1.20"]
[White "Dupuis, Denis K"]
[Black "Stewart, Ashley"]
[Result "1/2-1/2"]
[WhiteElo "1599"]
[BlackElo "2172"]
[PlyCount "82"]
[EventDate "2019.12.08"]
[EventType "swiss"]
[EventCountry "ENG"]
[TimeControl "15+10"]
[WhiteClock "0:00:54"]
[BlackClock "0:06:16"]

1. e4 e5 2. Nf3 Nc6 3. Bc4 Bc5 4. c3 Nf6 5. d4 exd4 6. cxd4 Bb4+ 7. Bd2 Bxd2+ 8. Nbxd2 d5 9. exd5 Nxd5 10. Qb3 Nce7 11. O-O O-O 12. Rfe1 c6 13. Ne4 Qb6 14. Nc5 h6 15. Ne5 Qxb3 16. Bxb3 b6 17. Nxc6 bxc5 18. Nxe7+ Nxe7 19. Rxe7 cxd4 20. Rd1 Be6 21. Bxe6 fxe6 22. Rxe6 Rac8 23. Kf1 Rc4 24. Rd2 Rb8 25. b3 Rc1+ 26. Re1 Rxe1+ 27. Kxe1 Rb4 28. Ke2 a5 29. Rd3 Kf7 30. Kf3 a4 31. Ke4 axb3 32. axb3 Ke6 33. f4 g6 34. g4 g5 35. f5+ Kf6 36. Kd5 h5 37. h3 hxg4 38. hxg4 Rb8 39. Kxd4 Rb4+ 40. Ke3 Rxg4 41. Kf3 Rb4 1/2-1/2

[Event "11th LCC Rapid 2019"]
[Site "London"]
[Date "2019.12.07"]
[Round "1.21"]
[White "Mitra, Roman C"]
[Black "Phillips, David A"]
[Result "1-0"]
[WhiteElo "2132"]
[BlackElo "2055"]
[PlyCount "101"]
[EventDate "2019.12.08"]
[EventType "swiss"]
[EventCountry "ENG"]
[TimeControl "15+10"]
[WhiteClock "0:00:21"]
[BlackClock "0:09:10"]

1. c4 e6 2. g3 f5 3. Bg2 Nf6 4. Nf3 Be7 5. O-O O-O 6. d3 d6 7. Nc3 e5 8. Rb1 a5 9. a3 Qe8 10. b4 axb4 11. axb4 Nc6 12. b5 Nd8 13. Qb3 Kh8 14. Bg5 Be6 15. Nd2 Nd7 16. Bxe7 Qxe7 17. Ra1 Rxa1 18. Rxa1 Nc5 19. Qc2 Qf6 20. e3 f4 21. Nce4 Nxe4 22. Nxe4 Qh6 23. exf4 exf4 24. Ra8 fxg3 25. hxg3 Bh3 26. Bh1 Ne6 27. Rxf8+ Nxf8 28. b6 cxb6 29. Nc3 Ne6 30. Ne2 Qf6 31. Qa2 h6 32. Bxb7 Nd4 33. Qa8+ Kh7 34. Nf4 Bf5 35. Bd5 Ne6 36. Qe8 Qf8 37. Qxf8 Nxf8 38. d4 g5 39. Ng2 Ne6 40. Bxe6 Bxe6 41. Ne3 Kg7 42. g4 Kf6 43. Kg2 Kg6 44. Kf3 h5 45. gxh5+ Kxh5 46. Ke4 Bd7 47. Kd5 b5 48. Kxd6 Be8 49. Ke7 Bc6 50. d5 Bb7 51. cxb5 1-0

[Event "11th LCC Rapid 2019"]
[Site "London"]
[Date "2019.12.07"]
[Round "1.23"]
[White "O'Gorman, Tom"]
[Black "Trivedi, Aarnavh"]
[Result "1-0"]
[WhiteElo "2001"]
[BlackElo "1761"]
[PlyCount "59"]
[EventDate "2019.12.08"]
[EventType "swiss"]
[EventCountry "ENG"]
[TimeControl "15+10"]
[WhiteClock "0:05:54"]
[BlackClock "0:07:15"]

1. d4 d5 2. c4 c6 3. Nc3 e5 4. cxd5 cxd5 5. e3 exd4 6. Qxd4 Nf6 7. Nf3 Nc6 8. Bb5 Be7 9. O-O O-O 10. Qd1 Bg4 11. h3 Bh5 12. b3 Rc8 13. Bb2 Bxf3 14. Qxf3 Ne5 15. Qd1 a6 16. Be2 Ng6 17. Rc1 b5 18. Bf3 Qa5 19. a3 Bxa3 20. Ra1 b4 21. Nb1 Qb6 22. Nxa3 bxa3 23. Rxa3 Rfd8 24. Qd4 Qd6 25. Rfa1 Rc6 26. Ra5 Ne7 27. Qd3 Nd7 28. Rxa6 Nc5 29. Rxc6 Nxd3 30. Rxd6 1-0

[Event "11th LCC Rapid 2019"]
[Site "London"]
[Date "2019.12.07"]
[Round "1.24"]
[White "Zheng, William"]
[Black "Rahman, Asad"]
[Result "0-1"]
[WhiteElo "1672"]
[BlackElo "2200"]
[PlyCount "75"]
[EventDate "2019.12.08"]
[EventType "swiss"]
[EventCountry "ENG"]
[TimeControl "15+10"]
[WhiteClock "0:13:43"]
[BlackClock "0:12:09"]

1. e4 c6 2. d4 d5 3. exd5 cxd5 4. Nc3 Nc6 5. Nf3 Nf6 6. h3 Bf5 7. Bf4 a6 8. Bd3 Ne4 9. O-O e6 10. Bxe4 dxe4 11. Ng5 Qxd4 12. a3 h6 13. Qxd4 Nxd4 14. Be5 Nc6 15. Nxf7 Kxf7 16. Bf4 Bc5 17. Rad1 Rhd8 18. g4 Bh7 19. b4 Bd4 20. Na4 e5 21. Be3 b5 22. Nb6 Rab8 23. c3 Bxb6 24. Bxb6 Rxb6 25. Rxd8 Nxd8 26. Rd1 Ke7 27. Rd5 Rd6 28. Rxe5+ Ne6 29. a4 Kf6 30. f4 exf3 31. Re3 bxa4 32. Rxf3+ Ke5 33. Re3+ Be4 34. c4 Rd3 35. Re1 a3 36. c5 a2 37. Ra1 Rd2 38. Kf1 0-1

[Event "11th LCC Rapid 2019"]
[Site "London"]
[Date "2019.12.07"]
[Round "1.25"]
[White "Myall, Ivan J"]
[Black "Kirupakaran, Vishnu"]
[Result "1-0"]
[WhiteElo "1994"]
[BlackElo "1871"]
[PlyCount "119"]
[EventDate "2019.12.08"]
[EventType "swiss"]
[EventCountry "ENG"]
[TimeControl "15+10"]
[WhiteClock "0:00:48"]
[BlackClock "0:02:56"]

1. e4 c5 2. c3 Nf6 3. e5 Nd5 4. d4 cxd4 5. Nf3 Nc6 6. cxd4 d6 7. Bc4 e6 8. O-O Be7 9. a3 O-O 10. Qe2 a6 11. b4 Qc7 12. Bd3 b6 13. Bd2 Bb7 14. Qe4 g6 15. Bh6 Rfd8 16. Rc1 Qd7 17. Bc4 dxe5 18. dxe5 Qe8 19. Nc3 Nxc3 20. Rxc3 Rab8 21. Qg4 Rbc8 22. Rcc1 b5 23. Bb3 Rd3 24. Bc2 Rd7 25. Be4 Rdc7 26. Rd1 Rd8 27. Rxd8 Qxd8 28. h4 Rd7 29. Be3 Rd1+ 30. Rxd1 Qxd1+ 31. Kh2 Nd8 32. Bxb7 Nxb7 33. Qe4 Qd7 34. Bg5 Bf8 35. h5 a5 36. hxg6 hxg6 37. Bf6 axb4 38. axb4 Bg7 39. Qh4 Qd1 40. Bxg7 Kxg7 41. Qf6+ Kg8 42. Qe7 Qd5 43. Qf6 Qd1 44. Qf4 Nd8 45. Qd4 Qxd4 46. Nxd4 Kf8 47. f4 Ke7 48. Kg3 f6 49. Kf3 fxe5 50. fxe5 Nf7 51. Kf4 Nd8 52. Ke4 Nf7 53. Nxb5 Kd7 54. Nd4 Ke7 55. b5 Nd8 56. Nc6+ Nxc6 57. bxc6 Kd8 58. Kf4 Kc7 59. Kg5 Kxc6 60. Kxg6 1-0